 Dungeon Crawl Stone Soup version 0.31-a0-431-g88bdf31460 (webtiles) character file.

Game seed: 16627321837382227197

7508 arthad the Destroyer (level 11, -6/64 HPs)
             Began as a Gargoyle Fire Elementalist on July 31, 2023.
             Was a Priest of Vehumet.
             Killed from afar by an ice dragon (shapeshifter) (70 damage)
             ... with a blast of cold
             ... on level 10 of the Dungeon.
             The game lasted 00:34:10 (8746 turns).

arthad the Destroyer (Gargoyle Fire Elementalist)   Turns: 8746, Time: 00:34:11

Health: -6/64      AC: 13    Str: 12    XL:     11   Next: 16%
Magic:  20/21      EV: 13    Int: 20    God:    Vehumet [***...]
Gold:   468        SH:  0    Dex: 10    Spells: 11/24 levels left

rFire   + + .        P - staff of fire
rCold   x . .        (no shield)
rNeg    + . .        q - +0 robe {Will+}
rPois   ∞            (no helmet)
rElec   +            M - +1 cloak
rCorr   .            (no gloves)
SInv    .            d - +0 pair of boots
Will    +....        u - amulet of magic regeneration
Stlth   +++          k - ring of fire
HPRegen 0.30/turn    i - ring of wizardry
MPRegen 0.57/turn

%: wizardry (x1)
@: no status effects
A: sickness immunity, AC +8, negative energy resistance 1, electricity
resistance, torment resistance 1, petrification resistance
a: Renounce Religion


You were on level 10 of the Dungeon.
You worshipped Vehumet.
Vehumet was most pleased with you.
You visited 2 branches of the dungeon, and saw 11 of its levels.
You also visited: Ossuary.

You collected 468 gold pieces.

Inventory:

Hand Weapons
 B - a +2 whip of electrocution
 L - a +3 quarterstaff of chaos
 O - a +6 dire flail
Missiles
 f - 15 poisoned darts
Armour
 a - a +0 robe
 d - a +0 pair of boots (worn)
 l - the +4 scale mail of the Harvest {rElec rC- rN+ Int+6}
   (You found it on level 2 of the Dungeon)

   Int:       It affects your intelligence (+6).
   rC:        It makes you vulnerable to cold.
   rElec:     It insulates you from electricity.
   rN:        It protects you from negative energy.
 q - a +0 robe of willpower (worn)
 v - a +0 kite shield
 M - a +1 cloak (worn)
Magical Staves
 p - a staff of earth
 K - a staff of death
 P - a staff of fire (weapon)
Jewellery
 c - an amulet of reflection
 i - a ring of wizardry (right hand)
 k - a ring of fire (left hand)
 o - a ring of protection from fire
 u - an amulet of magic regeneration (around neck)
 w - a +6 ring of strength
 I - a +5 ring of evasion
 Q - a +6 ring of strength
 U - a +4 ring of protection
Wands
 y - a wand of charming (21)
 N - a wand of flame (8)
 R - a wand of roots (7)
Scrolls
 e - a scroll of vulnerability
 h - 7 scrolls of teleportation
 m - a scroll of fog
 r - a scroll of torment
 E - 4 scrolls of noise
 F - 2 scrolls of silence
 J - 2 scrolls of poison
Potions
 b - 4 potions of magic
 g - 3 potions of ambrosia
 j - 6 potions of curing
 n - a potion of invisibility {unknown}
 s - 3 potions of mutation {unknown}
 t - 2 potions of heal wounds {unknown}
 x - 2 potions of enlightenment {unknown}
 z - 4 potions of lignification
 A - 5 potions of haste {unknown}
 C - 2 potions of resistance {unknown}
 D - 3 potions of attraction {unknown}
 G - a potion of might {unknown}
 H - a potion of degeneration {unknown}


   Skills:
 + Level 5.6 Fighting
 + Level 4.2 Armour
 + Level 4.6 Dodging
 - Level 4.7 Stealth
 - Level 3.2 Shields
 * Level 7.0 Spellcasting
 * Level 8.0 Conjurations
 + Level 1.3 Necromancy
 * Level 6.3 Translocations
 * Level 7.8 Fire Magic
 - Level 3.5 Earth Magic
 - Level 2.6 Evocations


You had 11 spell levels left.
You knew the following spells:

 Your Spells              Type           Power      Damage    Failure   Level
a - Foxfire               Conj/Fire      100%       2x1d9     1%          1
b - Scorch                Fire           100%       2d9       1%          2
c - Blink                 Tloc           64%        N/A       1%          2
d - Flame Wave            Conj/Fire      72%        2d16      1%          4
e - Dispel Undead         Necr           12%        3d9       21%         4

Your spell library contained the following spells:

 Spells                   Type           Power      Damage    Failure   Level
 Mephitic Cloud           Conj/Pois/Air  17%        N/A       1%          3
 Kiss of Death            Conj/Necr      100%       2d13      1%          1
 Lesser Beckoning         Tloc           64%        N/A       1%          2
 Momentum Strike          Conj/Tloc      70%        3d9       1%          2
 Poisonous Vapours        Pois/Air       14%        N/A       1%          2
 Inner Flame              Hex/Fire       50%        N/A       1%          3
 Volatile Blastmotes      Fire/Tloc      100%       2d18      1%          3
 Sting                    Tmut/Pois      28%        1d4       4%          1
 Olgreb's Toxic Radiance  Pois           7%         N/A       11%         4
 Confusing Touch          Hex            7%         N/A       12%         3
 Conjure Ball Lightning   Conj/Air       11%        3x3d6     26%         6
 Discord                  Hex            3%         N/A       100%        8
 Disjunction              Tloc           16%        N/A       100%        8


Dungeon Overview and Level Annotations

Branches:
Dungeon (10/15)            Temple (1/1) D:5            Lair (0/5) D:8
Ossuary (visited)
    Orc: D:9-12

Altars:
Ashenzari
Dithmenos
Elyvilon
Fedhas
Hepliaklqana
Makhleb
Nemelex Xobeh
Okawaru
Qazlal
Ru
Sif Muna
Trog
Uskayaw
Vehumet
Wu Jian
Yredelemnul
Zin
The Shining One

Shops:
D:6 ?   D:7 (

Annotations:
D:3 1 runed translucent door, pigah's ghost, amateur OpSh


Innate Abilities, Weirdness & Mutations

You are immune to sickness and miasma.
Your stone body is resilient. (AC +8)
You are immune to poison.
You resist negative energy. (rN+)
You are resistant to electric shocks. (rElec)
You are resistant to unholy torment.
You are immune to petrification.


Message History

The orc wizard is severely wounded.
The orc wizard points at you and mumbles some strange words.
The puff of flame hits you but does no damage.
You resist.
You feel a strong surge of power!
You conjure some foxfire!
Casting: Foxfire (safe; 1% risk of failure)
Confirm with . or Enter, or press ? or * to list all spells.
You feel a strong surge of power!
Flames lash the orc wizard.
You kill the orc wizard!
Vehumet accepts your kill.
You feel your power returning.
You hear a shout!
The foxfire hits the orc.
You kill the orc!
Vehumet accepts your kill.
Your foxfire dissipates!
You hear a shout! x2
Your foxfire dissipates!
Magic restored.
You feel your willpower return.
F - 2 scrolls of silence (gained 1)
G - a smoky orange potion An ice dragon comes into view.
The ice dragon moves out of view.
Found 3 stones.
Found 25 gold pieces.
You feel a strong surge of power!
You conjure some foxfire!
The foxfire hits the ice dragon.
The ice dragon is lightly wounded.
The foxfire hits the ice dragon.
The ice dragon is burned terribly!
The ice dragon is lightly wounded.
You feel a strong surge of power!
You conjure some foxfire!
You feel a strong surge of power!
You conjure some foxfire!
The foxfire hits the ice dragon but does no damage.
The ice dragon is lightly wounded.
The ice dragon breathes frost at you. The blast of cold hits your foxfire!!
The blast of cold hits you!!!
You feel a terrible chill!
Ouch! That really hurt!
You die...

########
##########.......
##§§.D............
#@.#######...#####
#§vv# ♣..♣.♣♣
#.#§# ♣..♣♣.♣
#.#$# ♣..♣ ♣.♣
#.#.#♣..♣ ♣.♣
#.#.#... ...
#.#.### #.# #.#.#
..


You could see an ice dragon (catching breath, ally target).

Vanquished Creatures
  A two-headed ogre (D:8)
  A death yak (D:8)
  A slime creature (D:9)
  Sigmund (D:4)
  A shadow (D:8)
  A vampire (D:9)
  7 yaks
  2 wraiths
  A steam dragon (D:8)
  An acid dragon (D:9)
  3 black bears
  2 ice beasts
  An orc warrior (D:8)
  A sky beast (D:7)
  An ogre (D:4)
  5 centaurs
  An elf zombie (Ossuary)
  2 kobold brigands
  5 bullfrogs
  3 wights (D:7)
  9 killer bees
  6 jellies
  Crazy Yiuf (D:6)
  2 hounds
  2 orc priests (D:5)
  A sleepcap (D:7)
  A gnoll bouda (D:8)
  2 orc wizards
  Terence (D:2)
  5 iguanas
  3 mummies (Ossuary)
  7 gnolls
  7 adders
  2 shadow imps
  4 white imps
  2 worms (D:2)
  4 dart slugs
  25 orcs
  7 ball pythons
  4 bats
  23 endoplasms
  4 giant cockroaches
  3 goblins
  6 hobgoblins
  10 jackals
  4 quokkas
  A frilled lizard (D:3)
  3 goblin zombies (Ossuary)
  3 hobgoblin zombies (Ossuary)
  11 kobolds
  8 kobold zombies (Ossuary)
  3 rats
  A spectral orc (D:9)
216 creatures vanquished.

Vanquished Creatures (collateral kills)
  A foxfire (D:8)
1 creature vanquished.

Vanquished Creatures (others)
  740 foxfires
740 creatures vanquished.

Grand Total: 957 creatures vanquished

Notes
Turn   | Place    | Note
-------+----------+-------------------------------------------
     0 | D:1      | arthad the Gargoyle Fire Elementalist began the quest for
                  | the Orb.
     0 | D:1      | Reached XP level 1. HP: 10/10 MP: 3/3
   134 | D:1      | Reached XP level 2. HP: 15/15 MP: 1/5
   519 | D:1      | Found a faded altar of an unknown god.
   573 | D:1      | Reached XP level 3. HP: 19/19 MP: 3/6
  1161 | D:2      | Learned a level 2 spell: Scorch
  1164 | D:2      | Learned a level 2 spell: Blink
  1346 | D:2      | Reached skill level 2 in Conjurations
  1346 | D:2      | Reached XP level 4. HP: 24/24 MP: 4/7
  1519 | D:2      | Identified the +4 scale mail of the Harvest {rElec rC- rN+
                  | Int+6}
  1816 | D:2      | Noticed Terence
  1824 | D:2      | Killed Terence
  2385 | D:3      | Reached XP level 5. HP: 28/28 MP: 4/8
  2834 | D:3      | Reached skill level 1 in Translocations
  2839 | D:3      | Reached skill level 1 in Fighting
  3088 | D:3      | Found a runed translucent door.
  3107 | D:3      | Noticed pigah's ghost (amateur OpSh)
  3368 | D:4      | Noticed a black bear
  3373 | D:4      | Killed a black bear
  3374 | D:4      | Reached XP level 6. HP: 34/34 MP: 5/10
  3416 | D:4      | Learned a level 4 spell: Flame Wave
  3439 | D:4      | Noticed Sigmund
  3453 | D:4      | Killed Sigmund
  3454 | D:4      | Reached skill level 3 in Conjurations
  3709 | D:4      | Reached XP level 7. HP: 39/39 MP: 12/12
  4006 | D:5      | Entered Level 5 of the Dungeon
  4396 | D:5      | Reached skill level 4 in Conjurations
  4396 | D:5      | Reached XP level 8. HP: 32/45 MP: 9/14
  4520 | D:5      | Found a staircase to the Ecumenical Temple.
  4543 | Temple   | Entered the Ecumenical Temple
  4565 | Temple   | Became a worshipper of Vehumet
  4979 | D:6      | Reached skill level 6 in Conjurations
  4979 | D:6      | Reached skill level 5 in Translocations
  4979 | D:6      | Reached XP level 9. HP: 52/52 MP: 14/18
  5270 | D:6      | Found a sand-covered staircase.
  5274 | Ossuary  | Entered an ossuary
  5943 | D:6      | Found a runed translucent door.
  5944 | D:6      | Noticed Crazy Yiuf
  5996 | D:6      | Reached * piety under Vehumet
  5996 | D:6      | Offered knowledge of Kiss of Death by Vehumet.
  6023 | D:6      | Found Guawkuh's Magic Scroll Emporium.
  6255 | D:6      | Killed Crazy Yiuf
  6421 | D:7      | Reached skill level 7 in Conjurations
  6602 | D:7      | Reached skill level 5 in Fighting
  6607 | D:7      | Reached XP level 10. HP: 59/59 MP: 9/19
  6991 | D:7      | Found Atupt's Weapon Shoppe.
  7306 | D:8      | Learned a level 4 spell: Dispel Undead
  7342 | D:8      | Found a sacrificial altar of Ru.
  7445 | D:8      | Reached ** piety under Vehumet
  7445 | D:8      | Offered knowledge of Shock by Vehumet.
  7450 | D:8      | Noticed a two-headed ogre
  7455 | D:8      | Killed a two-headed ogre
  7477 | D:8      | Found a staircase to the Lair.
  7479 | D:8      | Noticed a death yak
  7505 | D:8      | Noticed a death yak
  7507 | D:8      | Noticed a death yak
  7525 | D:8      | Killed a death yak
  7584 | D:8      | Noticed a death yak
  7585 | D:8      | Noticed a death yak
  7585 | D:8      | Noticed a death yak
  7859 | D:9      | Reached skill level 1 in Necromancy
  8345 | D:9      | Reached XP level 11. HP: 64/64 MP: 21/21
  8372 | D:9      | Found a basalt altar of Yredelemnul.
  8524 | D:9      | Offered knowledge of Mephitic Cloud by Vehumet.
  8540 | D:9      | Reached *** piety under Vehumet
  8657 | D:10     | Entered Level 10 of the Dungeon
  8674 | D:10     | Reached skill level 8 in Conjurations
  8734 | D:10     | Noticed an ice dragon
  8746 | D:10     | Killed from afar by an ice dragon (shapeshifter)

Illustrated notes

Levels and vault maps discovered:
D:1:      minmay_arrival_shoal_huts, layout_loops_ring,
          ebering_ecumenical_altar_rust
D:2:      layout_loops_ring, minmay_heptomino_h4, uniq_terence
D:3:      layout_basic, ebering_ghost_sewer_d
D:4:      nicolae_cairo_tiling_large_dashed, layout_basic, uniq_sigmund
D:5:      layout_basic, temple_doors_e
D:6:      layout_loops_ring, nicolae_ossuary_entry_plus, serial_shops, shop,
          uniq_crazy_yiuf_cottage
D:7:      layout_basic, serial_shops, kennysheep_mini_moat, minmay_checkerbox
D:8:      layout_gridville, mainiacjoe_overflow_tiny_flanked,
          dpeg_lair_monsters, fungi_pond_lemuel, hangedman_incinerator
D:9:      lemuel_slime, layout_gridville, yredelemnul_forgotten_temple_becter
D:10:     nzn_winding_woodlands_small [nzn_winding_woodlands_5x15_eye,
          nzn_winding_woodlands_center_triple_pond,
          nzn_winding_woodlands_5x15_pockets], layout_rooms,
          grunt_temple_overflow_cloverleaf, erik_orc_1, enter_bailey_2,
          hangedman_fish_farm, uniq_nergalle
Temple:   regret_index_temple_sphere_string

Skill      XL: |  1  2  3  4  5  6  7  8  9 10 11 |
---------------+----------------------------------+-----
Dodging        | 2 3 4 |  4.6
Conjurations   | 2 3 4 6 7 8 |  8.0
Stealth        | 3 4 |  4.7
Translocations | 1 2 5 6 |  6.3
Fighting       | 1 2 4 5 |  5.6
Spellcasting   | 3 4 6 7 |  7.0
Fire Magic     | 4 6 7 |  7.8
Armour         | 3 4 |  4.2
Shields        | 3 |  3.2
Earth Magic    | 3 |  3.5
Evocations     | 2 |  2.6
Necromancy     | 1 |  1.3

Action                     |  1- 3 |  4- 6 |  7- 9 | 10-12 || total
---------------------------+-------+-------+-------+-------++-------
  Melee: Unarmed           |    18 |       |       |       ||    18
         Staff             |       |     2 |     2 |     3 ||     7
         Punch             |       |       |       |     1 ||     1
   Cast: Foxfire           |    53 |    85 |   180 |   141 ||   459
         Scorch            |       |     9 |    34 |    35 ||    78
         Flame Wave        |       |       |       |     9 ||     9
         Blink             |       |       |       |     1 ||     1
  Evoke: Wand              |       |       |       |     1 ||     1
    Use: Scroll            |       |       |     6 |     7 ||    13
         Potion            |       |       |     1 |       ||     1
 Armour: Robe              |    22 |     6 |    11 |    15 ||    54
  Dodge: Dodged            |    28 |     9 |    13 |    31 ||    81
  Block: Other             |    19 |     1 |       |       ||    20

Table legend: (Time is in decaauts)
 A = Elapsed time spent in this place.
 B = Non-inter-level travel time spent in this place.
 C = Inter-level travel time spent in this place.
 D = Time resting spent in this place.
 E = Time spent auto-exploring this place.
 F = Levels seen in this place.
 G = Mean time per level.
                   A        B        C        D        E       F      G
               +--------+--------+--------+--------+--------+-----+--------+
         Total |   8755 |   8503 |    252 |    158 |   6733 |  12 |  729.6 |
       Dungeon |   8253 |   8043 |    210 |    158 |   6419 |  10 |  825.3 |
        Temple |     44 |      2 |     42 |      0 |      0 |   1 |   44.0 |
       Ossuary |    456 |    456 |      0 |      0 |    314 |   1 |  456.0 |
               +--------+--------+--------+--------+--------+-----+--------+

Top non-repeatable levels by time:
     D:3: 1145 daAuts
     D:2: 1077 daAuts
     D:1: 1027 daAuts
     D:7: 939 daAuts
     D:5: 921 daAuts
     D:9: 865 daAuts
     D:6: 860 daAuts
     D:4: 756 daAuts
     D:8: 570 daAuts
 Ossuary: 456 daAuts
    D:10: 88 daAuts
  Temple: 44 daAuts
